 Dungeon Crawl Stone Soup version 0.27-a0-972-gd1521fd518 (webtiles) character file.

Game seed: 14296822976983755857

569 Alarkh the Insei (level 7, 52/52 HPs)
             Began as a Demonspawn Transmuter on Apr 13, 2021.
             Got out of the dungeon alive.
             The game lasted 00:05:47 (4163 turns).

Alarkh the Insei (Demonspawn Transmuter)            Turns: 4163, Time: 00:05:47

Health: 52/52      AC:  3    Str: 10    XL:     7   Next: 11%
Magic:  12/12      EV: 12    Int: 17    God:
Gold:   289        SH:  0    Dex: 13    Spells: 5/13 levels left

rFire    . . .     SeeInvis .     - Unarmed
rCold    . . .     Faith    .   (no shield)
rNeg     . . .     Spirit   .   a - +1 robe
rPois    .         Reflect  .   (no helmet)
rElec    .         Harm     .   (no cloak)
rCorr    .         Rampage  .   (no gloves)
Will     .....                  (no boots)
Stlth    +.........             n - amulet of the acrobat
HPRegen  0.17/turn              (no ring)
MPRegen  0.13/turn              (no ring)

@: no status effects
A: spiny 1, sanguine armour 1
a: no special abilities


You escaped.
You visited 1 branch of the dungeon, and saw 4 of its levels.
You also visited: Sewer.

You collected 289 gold pieces.

Inventory:

Missiles
 l - 14 poisoned darts
Armour
 a - a +1 robe (worn)
Magical Staves
 f - a staff of death
Jewellery
 n - an amulet of the acrobat (around neck)
Wands
 j - a wand of charming (5)
Scrolls
 b - a scroll of enchant armour
 g - a scroll of noise {unknown}
 i - a scroll of vulnerability {unknown}
 k - a scroll of summoning {unknown}
 m - 2 scrolls of enchant weapon {unknown}
 p - a scroll of immolation {unknown}
 q - a scroll of blinking {unknown}
 r - a scroll of identify
Potions
 c - a potion of lignification
 d - a potion of might
 e - a potion of heal wounds
 h - a potion of degeneration {unknown}
 o - a potion of curing {unknown}
 s - a potion of ambrosia {unknown}
 t - a potion of berserk rage {unknown}


   Skills:
 + Level 3.3 Fighting
 - Level 1.7 Dodging
 * Level 5.1 Unarmed Combat
 + Level 3.6 Spellcasting
 + Level 3.5 Transmutations


You had 5 spell levels left.
You knew the following spells:

 Your Spells              Type           Power      Damage    Failure   Level
a - Beastly Appendage     Tmut           30%        N/A       3%          1
b - Spider Form           Tmut/Pois      4%         N/A       24%         3
c - Ice Form              Ice/Tmut       9%         N/A       61%         4

Your spell library contained the following spells:

 Spells                   Type           Power      Damage    Failure   Level
 Wereblood                Tmut           15%        N/A       6%          2
 Animate Skeleton         Necr           6%         N/A       17%         1
 Apportation              Tloc           6%         N/A       17%         1
 Corona                   Hex            3%         N/A       17%         1
 Magic Dart               Conj           12%        1d3       17%         1
 Summon Small Mammal      Summ           12%        N/A       17%         1
 Ensorcelled Hibernation  Hex/Ice        6%         N/A       26%         2
 Searing Ray              Conj           6%         3d3       26%         2
 Confusing Touch          Hex            3%         N/A       45%         3
 Dazzling Flash           Conj/Hex       6%         N/A       45%         3
 Gell's Gravitas          Tloc           1%         N/A       45%         3
 Tukima's Dance           Hex            3%         N/A       45%         3
 Petrify                  Tmut/Erth      9%         N/A       61%         4
 Hydra Form               Tmut           7%         N/A       71%         5
 Fulminant Prism          Conj/Hex       1%         3d6       86%         4
 Iskenderun's Mystic Bla  Conj/Tloc      3%         2d3       86%         4
 Yara's Violent Unravell  Hex/Tmut       4%         3d4       91%         5
 Metabolic Englaciation   Hex/Ice        1%         N/A       99%         5


Dungeon Overview and Level Annotations

Branches:
Dungeon (4/15)              Sewer (visited)
 Temple: D:4-7

Altars:
Makhleb
Trog
Wu Jian
Zin


Innate Abilities, Weirdness & Mutations

You are partially covered in sharp spines.
When seriously injured, your bleeding wounds create armour. (AC +0)


Message History

The necrophage hits you.
You feel drained.
You barely miss the necrophage. You claw the necrophage.
The necrophage is heavily damaged.
The necrophage hits you.
You hit the necrophage. You claw the necrophage. You punch the necrophage.
The necrophage is severely damaged.
The necrophage hits you but does no damage.
You hit the necrophage. Your kick misses the necrophage.
You headbutt the necrophage!
The necrophage is almost destroyed.
The necrophage is struck by your spines.
You destroy the necrophage!
Your life force feels restored.
Your Unarmed Combat skill increases to level 5!
You have reached level 7!
Your demonic ancestry asserts itself...
You feel your blood ready itself to protect you.
(D) Dungeon
Where to? (Enter - D:4 @ (x,y), ? - help)
What level of the Dungeon? (default 1, ? - help)
Your transformation is almost over.
Magic restored.
Your horns disappear.
Your talons disappear.
Things that are here:
a +0 flail; an orc corpse
There is a stone staircase leading up here.
You climb upwards.
There is a stone staircase leading down here.
There is an open door here.
There is a stone staircase leading up here.
You climb upwards.
There is a stone staircase leading down here.
HP restored.
There is a stone staircase leading up here.
You climb upwards.
There is a stone staircase leading down here.
There is an open door here.
There is a staircase leading out of the dungeon here.
Are you sure you want to leave the Dungeon?
This will make you lose the game!
You have escaped!

##.#.#######.#.#...........#
##.#.# #.#.#.###...###.#
.#.#.#######.#.#.#.....[.#.#
.............#.#.#.8.#.8.#.#
##############.#.....#.....#
### #.#....###....#
..############)####..#..####
#.(............#..'.....รท..#
################@.###'###..#
#..#.....#..# #############


There were no monsters in sight!

Vanquished Creatures
  A necrophage (D:4)
  2 bullfrogs (Sewer)
  A scorpion (D:4)
  2 iguanas
  A hound skeleton (D:4)
  8 adders
  3 dart slugs
  7 orcs
  17 ball pythons
  8 endoplasms
  16 giant cockroaches
  8 goblins
  10 hobgoblins
  7 jackals (D:1)
  9 kobolds
  13 quokkas
  7 bats
  17 frilled lizards
  A quokka skeleton (D:4)
  2 rats
140 creatures vanquished.

Notes
Turn   | Place    | Note
-------+----------+-------------------------------------------
     0 | D:1      | Alarkh the Demonspawn Transmuter began the quest for the
                  | Orb.
     0 | D:1      | Reached XP level 1. HP: 15/15 MP: 3/3
   167 | D:1      | Gained mutation: You are partially covered in sharp spines.
                  | [demonic ancestry]
   167 | D:1      | Reached XP level 2. HP: 21/21 MP: 3/5
   206 | D:1      | Reached skill level 3 in Unarmed Combat
   562 | D:1      | Reached XP level 3. HP: 26/26 MP: 4/6
   975 | D:2      | Found a faded altar of an unknown god.
  1069 | D:2      | Reached XP level 4. HP: 33/33 MP: 7/7
  1102 | D:2      | Found a bloodstained altar of Trog.
  1991 | D:3      | Learned a level 3 spell: Spider Form
  1996 | D:3      | Learned a level 4 spell: Ice Form
  2554 | D:3      | Reached skill level 4 in Unarmed Combat
  2554 | D:3      | Reached XP level 5. HP: 23/38 MP: 9/9
  3348 | D:4      | Found a glowing drain.
  3366 | Sewer    | Entered a sewer
  3395 | Sewer    | Reached XP level 6. HP: 45/46 MP: 8/10
  3812 | D:4      | Found an ornate altar of the Wu Jian Council.
  4021 | D:4      | Found a burning altar of Makhleb.
  4032 | D:4      | Reached skill level 5 in Unarmed Combat
  4032 | D:4      | Gained mutation: When seriously injured, your bleeding
                  | wounds create armour. (AC +0) [demonic ancestry]
  4032 | D:4      | Reached XP level 7. HP: 40/52 MP: 10/12
  4163 | D:$      | Got out of the dungeon alive.

Illustrated notes

Levels and vault maps discovered:
D:1:      dpeg_arrival_court, layout_loops_ring, minmay_tetromino_i4
D:2:      layout_basic, hellmonk_ecumenical_altar_heavens_door, basic_altar
D:3:      minmay_inner_zag, layout_loops_corners, amcnicky_altar_gilded,
          roderic_lattice_a
D:4:      layout_basic, makhleb_blood_cavern_becter, old_standard_altar,
          cheibrodos_sewer_entry_drain, ebering_ghost_inner_flame

Skill      XL: |  1  2  3  4  5  6 |
---------------+-------------------+-----
Transmutations | 2 3 |  3.5
Unarmed Combat | 3 4 5 |  5.1
Fighting       | 2 3 |  3.3
Spellcasting   | 3 |  3.6
Dodging        | |  1.7

Action                   |  1- 3 |  4- 6 |  7- 9 || total
-------------------------+-------+-------+-------++-------
Melee: Unarmed           |    67 |   205 |       ||   272
       Headbutt          |     8 |    12 |       ||    20
       Kick              |     9 |    13 |       ||    22
       Punch             |       |     4 |       ||     4
Throw: Dart              |       |     1 |       ||     1
 Cast: Beastly Appendage |    21 |    16 |       ||    37
  Use: Scroll            |       |     2 |       ||     2
       Potion            |       |     3 |       ||     3
 Stab: Sleeping          |     2 |     2 |       ||     4
Armor: Robe              |    12 |    23 |       ||    35
       Skin              |       |    22 |       ||    22
Dodge: Dodged            |    38 |   117 |       ||   155

Table legend: (Time is in decaauts)
 A = Elapsed time spent in this place.
 B = Non-inter-level travel time spent in this place.
 C = Inter-level travel time spent in this place.
 D = Time resting spent in this place.
 E = Time spent auto-exploring this place.
 F = Levels seen in this place.
 G = Mean time per level.
                   A        B        C        D        E       F      G
               +--------+--------+--------+--------+--------+-----+--------+
         Total |   4208 |   3971 |    237 |    144 |   3107 |   5 |  841.6 |
       Dungeon |   3725 |   3488 |    237 |      0 |   2991 |   4 |  931.2 |
         Sewer |    483 |    483 |      0 |    144 |    115 |   1 |  483.0 |
               +--------+--------+--------+--------+--------+-----+--------+

Top non-repeatable levels by time:
     D:3: 1228 daAuts
     D:2: 959 daAuts
     D:4: 776 daAuts
     D:1: 761 daAuts
   Sewer: 483 daAuts
